 Dungeon Crawl Stone Soup version 0.19.4 (webtiles) character file.

127914 Jerry the Fencer (level 16, -2/147 HPs)
             Began as a Minotaur Monk on Jan 31, 2017.
             Was the Champion of Makhleb.
             Shot with a bolt by a naga sharpshooter (25 damage)
             ... led by Vashnia
             ... on level 2 of the Snake Pit.
             The game lasted 02:16:07 (27964 turns).

Jerry the Fencer (Minotaur Monk)                   Turns: 27964, Time: 02:16:08

Health: -2/147     AC: 24    Str: 23    XL:     16   Next: 47%
Magic:  25/25      EV: 20    Int:  7    God:    Makhleb [******]
Gold:   1384       SH:  0    Dex: 19    Spells: 2 memorised, 13 levels left

rFire  + + .     SeeInvis +     n - +6 scimitar (flame)
rCold  + . .     Gourm    .     T - +3 fire dragon scales
rNeg   . . .     Faith    .     (no shield)
rPois  +         Spirit   .     K - +2 hat
rElec  .         Reflect  .     (no cloak)
rCorr  .         Harm     .     L - +2 pair of gloves
MR     +....                    N - +0 pair of boots "Naiw" {Str-4 Dex+5}
Stlth  ..........               Q - amulet of regeneration
                                j - ring of poison resistance
                                h - ring of see invisible

@: mighty, lethally poisoned (-2 -> -2), very slightly contaminated, hasted,
very quick
A: retaliatory headbutt, horns 2, cold resistance 2, screaming 1, sturdy frame 1
a: Minor Destruction, Lesser Servant of Makhleb, Major Destruction, Greater
Servant of Makhleb, Renounce Religion


You were on level 2 of the Snake Pit.
You worshipped Makhleb.
Makhleb was exalted by your worship.
You were hungry.

You visited 6 branches of the dungeon, and saw 27 of its levels.
You also visited: Ossuary and Volcano.

You collected 2491 gold pieces.
You spent 1107 gold pieces at shops.

Inventory:

Hand Weapons
 l - a +1 long sword of holy wrath
 n - a +6 scimitar of flaming (weapon)
 I - a +2 scimitar of electrocution
Armour
 K - a +2 hat (worn)
 L - a +2 pair of gloves (worn)
 N - the +0 pair of boots "Naiw" (worn) {Str-4 Dex+5}
   (You bought it in a shop on level 15 of the Dungeon)

   It affects your strength (-4).
   It affects your dexterity (+5).
 T - +3 fire dragon scales (worn)
Jewellery
 h - a ring of see invisible (left hand)
 j - a ring of poison resistance (right hand)
 Q - an amulet of regeneration (around neck)
Wands
 b - a wand of paralysis (12/24)
 t - a wand of digging (4/24)
 J - a wand of flame (27/48)
 P - a wand of hasting (4/9)
 S - a wand of teleportation (1/9)
Scrolls
 e - 4 scrolls of fear
 k - 3 scrolls of fog
 p - a scroll of teleportation
 u - 4 scrolls of identify
 x - 2 scrolls of holy word
 y - a scroll of recharging
 C - 16 scrolls of remove curse
 D - 2 scrolls of immolation
 F - 5 scrolls of magic mapping
 G - 5 scrolls of amnesia
 H - a scroll of blinking
 M - a scroll of enchant armour
Potions
 d - 2 potions of haste
 f - a potion of flight
 g - 3 potions of heal wounds
 i - 11 potions of curing
 o - a potion of cancellation
 q - 5 potions of brilliance
 s - 2 potions of resistance
 v - 4 potions of ambrosia
 w - a potion of beneficial mutation
 z - 4 potions of agility
 A - a potion of cure mutation
 B - 4 potions of lignification
 R - 3 potions of might
 X - a potion of invisibility
 Y - a potion of magic {unknown}
Books
 O - a book of Conjurations

   Spells                             Type                      Level
   a - Magic Dart                     Conjuration                  1
   b - Searing Ray                    Conjuration                  2
   c - Dazzling Spray                 Conjuration/Hexes            3
   d - Fulminant Prism                Conjuration/Hexes            4
   e - Iskenderun's Mystic Blast      Conjuration                  4
   f - Iskenderun's Battlesphere      Conjuration/Charms           5
Comestibles
 a - 45 fruits
 c - 10 bread rations
 m - 13 meat rations
 r - 29 royal jellies


   Skills:
 + Level 14.8 Fighting
 + Level 17.1 Long Blades
 - Level 16.1 Armour
 + Level 13.2 Dodging
 - Level 1.5 Stealth
 + Level 14.0 Invocations


You had 13 spell levels left.
You knew the following spells:

 Your Spells              Type           Power        Failure   Level  Hunger
a - Animate Skeleton      Necr           N/A          78%         1    ##.....
b - Apportation           Tloc           #.........   78%         1    ##.....


Dungeon Overview and Level Annotations

Branches:
Dungeon (15/15)            Temple (1/1) D:7            Lair (6/6) D:9
  Swamp (0/4) Lair:3        Snake (2/4) Lair:4        Slime (0/5) Lair:6
    Orc (2/2) D:11            Elf (1/3) Orc:2        Vaults (0/5) D:13
 Depths (0/5) D:15

Altars:
Ashenzari
Cheibriados
Dithmenos
Elyvilon
Fedhas
Gozag
Kikubaaqudgha
Makhleb
Nemelex Xobeh
Okawaru
Ru
Trog
Uskayaw
Xom
Yredelemnul
The Shining One
Beogh
Jiyva

Shops:
D:10 *   D:15 [   Orc:2 [*}?=

Portals:
Pandemonium: Orc:2

Annotations:
Snake:2 Vashnia


Innate Abilities, Weirdness & Mutations

You reflexively headbutt those who attack you in melee.
You have a pair of horns on your head.
Your flesh is very cold resistant. (rC++)
You occasionally shout uncontrollably at your foes.
Your movements are slightly less encumbered by armour. (ER -2)


Message History

Vashnia is moderately wounded.
You miss Vashnia.
Vashnia is moderately wounded.
You feel sick.
Vashnia shoots an arrow.
The arrow closely misses you.
You slice Vashnia!! You burn Vashnia.
Vashnia is heavily wounded.
You slice Vashnia!! You burn Vashnia! You headbutt Vashnia!!
Vashnia is almost dead.
You slice Vashnia!! You burn Vashnia. You headbutt Vashnia!
Vashnia is almost dead.
You feel sick.
Vashnia shoots an arrow.
The arrow hits you!!
* * * LOW HITPOINT WARNING * * *
The naga sharpshooter casts a spell.
The naga sharpshooter magically shoots an arrow.
The arrow hits you!
* * * LOW HITPOINT WARNING * * *
The naga sharpshooter gestures wildly while chanting.
The naga sharpshooter magically shoots a bolt.
The bolt hits you!!
You die...

#####.........
#.............
#####.............
#(....###.........
#...### ##........
#...#########.####
#..(........#.#
#.(.........#.#
#@#########.#.####
#N# ####....... #N#
#....>.#### ##.####
#...####
##<....###...# ##
#.......##...######.
#...(...............
#..N.............)..
#...................


You could see Vashnia and 2 naga sharpshooters.

Vanquished Creatures
  3 nagarajas (Snake:2)
  An emperor scorpion (D:14)
  The ghost of Jerry the Grappler, a journeyman TrMo (Lair:6)
  A dire elephant (D:15)
  Erolcha (D:13)
  An ice dragon (Lair:6)
  Harold (Lair:2)
  A vault guard (D:13)
  3 naga warriors
  8 hydras
  The ghost of Angani the Protected, a journeyman HOGl of Beogh (Volcano)
  A catoblepas (Lair:5)
  Erica (D:8)
  3 anacondas
  6 death yaks (Lair:6)
  3 centaur warriors
  11 naga sharpshooters
  6 orc high priests (Orc:2)
  3 shock serpents
  Nergalle (Orc:1)
  A soul eater (Orc:2)
  An infernal demonspawn (Orc:2)
  2 torturous demonspawn (Orc:2)
  3 unseen horrors
  A naga ritualist (Snake:2)
  4 hill giants
  5 orc knights
  2 necromancers (D:13)
  2 wolf spider zombies (D:12)
  2 deep elf magi
  5 orc sorcerers (Orc:2)
  4 mana vipers
  3 manticores
  7 ugly things
  3 cyclopes
  3 salamanders
  18 black mambas
  3 naga magi
  2 gargoyles (Volcano)
  Psyche (D:8)
  4 elephants (Lair:3)
  11 spiny frogs
  6 komodo dragons
  6 rime drakes
  A kobold demonologist (D:12)
  2 efreet
  An ice devil (Orc:2)
  2 trolls
  3 meliai (Lair:5)
  2 hellwings (Orc:2)
  3 hornets
  2 queen bees
  5 polar bears
  A tyrant leech (Lair:3)
  3 two-headed ogres
  5 hippogriffs
  13 blink frogs
  11 slime creatures
  A centaur simulacrum (D:14)
  A vampire (D:14)
  2 shadows
  2 wyverns
  11 spriggans (Lair:6)
  2 water elementals (D:13)
  A fire elemental (Volcano)
  A wraith (D:15)
  2 basilisks
  3 hungry ghosts
  43 yaks
  A steam dragon (D:9)
  22 humans (D:13)
  6 vampire mosquitoes (D:15)
  A chaos spawn (Orc:2)
  Menkaure (D:6)
  15 nagas
  A mottled dragon (D:12)
  2 swamp worms (Lair:3)
  12 water moccasins
  10 porcupines
  18 ice beasts
  4 sky beasts
  30 orc warriors
  A hornet zombie (D:11)
  The ghost of Jerry the Slasher, an amateur MiMo (D:3)
  4 black bears
  15 ogres
  2 eyes of draining (D:13)
  3 phantoms
  4 boggarts (Lair:6)
  37 wolves
  7 centaurs
  19 crocodiles
  6 big kobolds
  21 bullfrogs
  A water moccasin skeleton (D:8)
  A wyvern skeleton (D:9)
  2 scorpions
  51 killer bees
  10 wights
  2 vampire bats (Lair:2)
  An electric eel (D:13)
  3 howler monkeys
  5 centaur zombies
  3 bullfrog zombies (D:12)
  3 jellies
  A quasit (D:14)
  3 crimson imps
  6 hounds
  A human zombie (Ossuary)
  16 orc wizards
  3 centaur skeletons
  34 orc priests
  Natasha (D:2)
  2 bullfrog skeletons
  Terence (D:3)
  6 iguanas (D:13)
  5 hell rats (Lair:6)
  12 worker ants
  A hound zombie (D:7)
  A hound skeleton (D:9)
  5 mummies (Ossuary)
  Robin (D:4)
  A worker ant zombie (D:11)
  4 gnolls (D:8)
  A howler monkey skeleton (D:11)
  15 adders
  A shadow imp (D:7)
  An ooze (D:2)
  2 adder zombies
  An adder skeleton (D:7)
  2 worms
  A dart slug (D:2)
  15 leopard geckos
  77 orcs
  3 bat zombies (D:6)
  4 giant cockroaches
  A gnoll zombie (Ossuary)
  8 hobgoblins
  2 jackals (D:1)
  26 kobolds
  2 quokkas
  12 bats
  11 frilled lizards
  13 goblins
  A hobgoblin zombie (Ossuary)
  A jackal skeleton (D:4)
  A jackal zombie (D:7)
  A kobold zombie (Ossuary)
  2 orc zombies (Ossuary)
  A quokka skeleton (D:7)
  A quokka zombie (D:6)
  8 rats
  A rat zombie (D:6)
  2 fungi
925 creatures vanquished.

Vanquished Creatures (collateral kills)
  The ghost of Jerry the Grappler, a journeyman TrMo (Lair:5)
  The ghost of ImaNewbie the Fighter, a journeyman GrGl of Okawaru (Orc:1)
  2 blink frogs (Lair:6)
  4 spriggans (Lair:6)
  An orc warrior (Orc:1)
  An ogre (Orc:1)
  A wolf (Lair:6)
  2 killer bees (Lair:5)
13 creatures vanquished.

Vanquished Creatures (others)
  An orc wizard (D:8)
  A frilled lizard (D:13)
  A kobold (D:9)
  9 fungi
  22 plants
34 creatures vanquished.

Grand Total: 972 creatures vanquished

Notes
Turn   | Place    | Note
-------+----------+-------------------------------------------
     0 | D:1      | Jerry the Minotaur Monk began the quest for the Orb.
     0 | D:1      | Reached XP level 1. HP: 19/19 MP: 0/0
   255 | D:1      | Reached XP level 2. HP: 19/27 MP: 1/1
   422 | D:1      | Reached skill level 1 in Armour
   847 | D:2      | Reached skill level 4 in Long Blades
   851 | D:2      | Reached XP level 3. HP: 33/33 MP: 2/2
  1332 | D:2      | Found a snail-covered altar of Cheibriados.
  1364 | D:2      | Reached XP level 4. HP: 36/40 MP: 3/3
  2552 | D:3      | Noticed Terence
  2571 | D:3      | Killed Terence
  2571 | D:3      | Reached XP level 5. HP: 28/47 MP: 4/4
  2726 | D:3      | Found a blossoming altar of Fedhas.
  2847 | D:3      | Noticed Natasha
  2848 | D:3      | Noticed Jerry's ghost (amateur MiMo)
  2857 | D:2      | Killed Natasha
  2857 | D:2      | Reached skill level 5 in Fighting
  2926 | D:3      | Killed Jerry's ghost
  2926 | D:3      | Reached skill level 5 in Long Blades
  2926 | D:3      | Reached XP level 6. HP: 34/56 MP: 5/5
  3864 | D:4      | Reached XP level 7. HP: 62/63 MP: 6/6
  3913 | D:4      | You fall through a shaft!
  3913 | D:5      | Entered Level 5 of the Dungeon
  3914 | D:5      | Found a glowing golden altar of the Shining One.
  3939 | D:5      | Reached skill level 6 in Long Blades
  3939 | D:5      | Reached skill level 5 in Armour
  4247 | D:5      | Found an iron altar of Okawaru.
  4413 | D:4      | Noticed Robin
  4418 | D:4      | Killed Robin
  4618 | D:4      | Learned a level 1 spell: Animate Skeleton
  5090 | D:5      | Reached skill level 7 in Long Blades
  5362 | D:5      | Found an opulent altar of Gozag.
  5807 | D:6      | Found a shadowy altar of Dithmenos.
  5816 | D:6      | Reached XP level 8. HP: 73/73 MP: 7/7
  6063 | D:6      | Found a sand-covered staircase.
  6105 | Ossuary  | Entered an ossuary
  6146 | Ossuary  | Reached skill level 8 in Long Blades
  6687 | D:6      | Found an ancient bone altar of Kikubaaqudgha.
  6709 | D:6      | Noticed Menkaure
  6711 | D:6      | Killed Menkaure
  6826 | D:7      | Found a shimmering altar of Xom.
  6845 | D:7      | Found a basalt altar of Yredelemnul.
  6969 | D:7      | Reached XP level 9. HP: 82/82 MP: 8/8
  6972 | D:7      | Reached skill level 9 in Long Blades
  6988 | D:7      | Found a bloodstained altar of Trog.
  7026 | D:7      | Found a white marble altar of Elyvilon.
  7108 | D:7      | Found a staircase to the Ecumenical Temple.
  7198 | Temple   | Entered the Ecumenical Temple
  7205 | Temple   | Became a worshipper of Makhleb the Destroyer
  7205 | Temple   | Reached * piety under Makhleb
  7205 | Temple   | Reached ** piety under Makhleb
  7296 | D:7      | Reached skill level 1 in Invocations
  7301 | D:7      | Gained mutation: Your flesh is cold resistant. (rC+) [mutagenic meat]
  7302 | D:7      | Gained mutation: You have a pair of large horns on your head. [mutagenic meat]
  7303 | D:7      | Gained mutation: Your movements are slightly less encumbered by armour. (ER -2) [mutagenic meat]
  7304 | D:7      | Gained mutation: Your muscles are strong. (Str +2) [mutagenic meat]
  7305 | D:7      | Gained mutation: You are occasionally teleported next to monsters. [mutagenic meat]
  7306 | D:7      | Lost mutation: Your muscles are strong. (Str +2) [mutagenic meat]
  7904 | D:8      | Found a sacrificial altar of Ru.
  7904 | D:8      | Noticed Erica
  7923 | D:8      | Killed Erica
  7923 | D:8      | Reached skill level 10 in Fighting
  7923 | D:8      | Reached skill level 10 in Long Blades
  8725 | D:8      | Reached XP level 10. HP: 93/93 MP: 11/11
  8907 | D:9      | Noticed Psyche
  9090 | D:8      | Killed Psyche
  9201 | D:9      | Found a staircase to the Lair.
  9380 | D:9      | Reached *** piety under Makhleb
  9540 | D:9      | Reached skill level 10 in Armour
  9543 | D:9      | Reached skill level 5 in Invocations
  9546 | D:9      | Reached skill level 11 in Long Blades
  9570 | D:9      | Learned a level 1 spell: Apportation
  9815 | D:9      | Noticed a manticore
  9852 | D:9      | Killed a manticore
 10405 | Lair:1   | Entered Level 1 of the Lair of Beasts
 10420 | Lair:1   | Reached **** piety under Makhleb
 10424 | Lair:1   | Gained mutation: You are agile. (Dex +2) [potion of mutation]
 10424 | Lair:1   | Gained mutation: You are frail. (-10% HP) [potion of mutation]
 10425 | Lair:1   | Gained mutation: Your muscles are strong. (Str +2) [potion of mutation]
 10538 | Lair:1   | Noticed a spiny frog
 10547 | Lair:1   | Killed a spiny frog
 10547 | Lair:1   | Reached XP level 11. HP: 78/91 MP: 14/14
 10770 | Lair:1   | Found a burning altar of Makhleb.
 11336 | Lair:2   | Noticed an eight-headed hydra
 11635 | Lair:2   | Reached skill level 12 in Long Blades
 11646 | Lair:2   | Noticed Harold
 11656 | Lair:2   | Killed Harold
 11821 | Lair:2   | Noticed a six-headed hydra
 11908 | Lair:2   | Killed a six-headed hydra
 12289 | Lair:2   | Killed a three-headed hydra
 12900 | Lair:3   | Reached XP level 12. HP: 101/101 MP: 15/17
 13308 | Lair:3   | Reached ***** piety under Makhleb
 13308 | Lair:3   | Reached skill level 13 in Long Blades
 13308 | Lair:3   | Reached skill level 5 in Dodging
 13529 | Lair:3   | Found a staircase to the Swamp.
 14178 | Lair:4   | Found a dark tunnel.
 14203 | Lair:4   | Gained mutation: Your flesh is very cold resistant. (rC++) [potion of mutation]
 14203 | Lair:4   | Gained mutation: You are dopey. (Int -2) [potion of mutation]
 14204 | Lair:4   | Lost mutation: You are dopey. (Int -2) [potion of mutation]
 14289 | Lair:4   | Found a staircase to the Snake Pit.
 14364 | Lair:4   | Found a basalt altar of Yredelemnul.
 14666 | Volcano  | Entered a volcano
 14703 | Volcano  | Noticed Angani's ghost (journeyman HOGl)
 14722 | Volcano  | Killed Angani's ghost
 14958 | Lair:5   | Noticed Jerry's ghost (journeyman TrMo)
 15068 | Lair:5   | Noticed a catoblepas
 15077 | Lair:5   | Killed a catoblepas
 15189 | Lair:5   | Noticed a seven-headed hydra
 15342 | Lair:5   | Reached skill level 14 in Long Blades
 15342 | Lair:5   | Reached XP level 13. HP: 107/107 MP: 19/19
 15428 | Lair:5   | Killed Jerry's ghost
 15943 | Lair:5   | Gained mutation: Your mind is acute. (Int +2) [potion of mutation]
 15943 | Lair:5   | Lost mutation: You are occasionally teleported next to monsters. [potion of mutation]
 15944 | Lair:5   | Gained mutation: You occasionally shout uncontrollably at your foes. [potion of mutation]
 15944 | Lair:5   | Lost mutation: Your mind is acute. (Int +2) [potion of mutation]
 15955 | Lair:6   | Entered Level 6 of the Lair of Beasts
 16061 | Lair:6   | Reached skill level 10 in Invocations
 16218 | Lair:6   | Found a viscous altar of Jiyva.
 16218 | Lair:6   | Found a staircase to the Slime Pits.
 16635 | Lair:6   | Reached ****** piety under Makhleb
 16662 | Lair:6   | Noticed Jerry's ghost (journeyman TrMo)
 16718 | Lair:6   | Killed Jerry's ghost
 16799 | Lair:6   | Reached skill level 15 in Long Blades
 17092 | Lair:6   | Reached XP level 14. HP: 106/114 MP: 21/21
 17808 | D:10     | Entered Level 10 of the Dungeon
 17883 | D:10     | Lost mutation: You have a pair of large horns on your head. [mutagenic meat]
 17885 | D:10     | Gained mutation: Armour fits poorly on your strangely shaped body. [mutagenic meat]
 17887 | D:10     | Gained mutation: You sometimes yell uncontrollably at your foes. [mutagenic meat]
 18127 | D:10     | Found Nuetyupp's Island Escapes.
 18660 | D:10     | Bought a wand of hasting (2/9) for 504 gold pieces
 18660 | D:10     | Bought a wand of teleportation (2/9) for 252 gold pieces
 18660 | D:10     | Bought a scroll of teleportation for 42 gold pieces
 18910 | D:11     | Found a staircase to the Orcish Mines.
 19111 | D:11     | Reached skill level 10 in Dodging
 19383 | D:11     | Found a roughly hewn altar of Beogh.
 19627 | D:12     | Reached skill level 15 in Armour
 20171 | D:12     | Identified the Papyrus of Warped Conjuration
 20430 | D:13     | Noticed Erolcha
 20437 | D:13     | Killed Erolcha
 20688 | D:13     | Reached skill level 16 in Long Blades
 20786 | D:13     | Found a gate to the Vaults.
 20825 | D:13     | Lost mutation: You are agile. (Dex +2) [potion of cure mutation]
 20825 | D:13     | Lost mutation: You sometimes yell uncontrollably at your foes. [potion of cure mutation]
 20825 | D:13     | Lost mutation: Armour fits poorly on your strangely shaped body. [potion of cure mutation]
 20825 | D:13     | Lost mutation: Your muscles are strong. (Str +2) [potion of cure mutation]
 20825 | D:13     | Lost mutation: You are frail. (-10% HP) [potion of cure mutation]
 21264 | D:14     | Reached XP level 15. HP: 111/134 MP: 23/23
 22027 | D:15     | Entered Level 15 of the Dungeon
 22465 | D:15     | Found Faohiv's Antique Armour Boutique.
 22486 | D:15     | Bought a pair of fine boots for 285 gold pieces
 22491 | D:15     | Identified the +0 pair of boots "Naiw" {Str-4 Dex+5} (You bought it in a shop on level 15 of the Dungeon)
 22575 | D:15     | Found a shimmering altar of Xom.
 22695 | D:15     | Found a staircase to the Depths.
 22807 | Orc:1    | Entered Level 1 of the Orcish Mines
 22942 | Orc:2    | Entered Level 2 of the Orcish Mines
 22942 | Orc:2    | Found Beawoi's Jewellery Shoppe.
 23119 | Orc:1    | Noticed Nergalle
 23125 | Orc:1    | Killed Nergalle
 23128 | Orc:1    | Noticed ImaNewbie's ghost (journeyman GrGl)
 23185 | Orc:1    | Killed ImaNewbie's ghost
 23547 | Orc:2    | Found a staircase to the Elven Halls.
 23901 | Orc:2    | Found Qaddec's General Store.
 24015 | Orc:2    | Found Emmihow's Magic Scroll Shop.
 24106 | Orc:2    | Bought a scroll of identify for 24 gold pieces
 24678 | Orc:2    | Found Dutei's Antique Armour Shoppe.
 24678 | Orc:2    | Found Vyit's Gadget Emporium.
 24678 | Orc:2    | Found a one-way gate leading to the halls of Pandemonium.
 24914 | Elf:1    | Entered Level 1 of the Elven Halls
 25212 | Snake:1  | Entered Level 1 of the Snake Pit
 25908 | Snake:1  | Reached XP level 16. HP: 146/146 MP: 25/25
 27244 | Snake:2  | Noticed Vashnia
 27257 | Snake:2  | Reached skill level 17 in Long Blades
 27964 | Snake:2  | Shot with a bolt by a naga sharpshooter

Skill      XL: |  1  2  3  4  5  6  7  8  9 10 11 12 13 14 15 16 |
---------------+-------------------------------------------------+-----
Armour         | 1 2 3 4 6 7 9 10 12 13 14 15 16 | 16.1
Long Blades    | 4 5 7 8 10 11 12 14 15 16 17 | 17.1
Fighting       | 4 5 6 7 8 10 11 12 14 | 14.8
Dodging        | 4 7 9 11 12 13 | 13.2
Invocations    | 3 6 8 9 11 12 13 14 | 14.0
Stealth        | |  1.5

Action                   |  1- 3 |  4- 6 |  7- 9 | 10-12 | 13-15 | 16-18 || total
-------------------------+-------+-------+-------+-------+-------+-------++-------
Melee: Falchion          |    72 |    96 |   329 |       |       |       ||   497
       Headbutt          |    15 |    18 |    98 |   136 |   436 |    81 ||   784
       Scimitar          |       |       |    25 |   461 |  1599 |   265 ||  2350
Throw: Javelin           |       |       |     1 |    12 |       |       ||    13
Invok: Major Destruction |       |       |       |     1 |     1 |       ||     2
       Lesser Servant of |       |       |       |       |     4 |       ||     4
Evoke: Wand              |       |       |       |     5 |     6 |     3 ||    14
  Use: Scroll            |       |    11 |     3 |    17 |    22 |     1 ||    54
       Potion            |       |     1 |     4 |     8 |     6 |     4 ||    23
 Stab: Sleeping          |     2 |       |       |     2 |       |       ||     4
       Distracted        |       |       |     1 |       |     2 |       ||     3
  Eat: Chunk             |     1 |     7 |    29 |    15 |    40 |     3 ||    95
       Pizza             |       |     1 |       |       |     2 |       ||     3
       Beef jerky        |       |       |       |       |       |     2 ||     2
Armor: Robe              |     7 |     1 |       |       |       |       ||     8
       Scale mail        |       |    31 |    28 |       |       |       ||    59
       Ring mail         |       |       |    73 |    51 |       |       ||   124
       Steam dragon scal |       |       |       |    52 |       |       ||    52
       Fire dragon scale |       |       |       |    52 |   478 |    95 ||   625
Dodge: Dodged            |    49 |    51 |   182 |   387 |   907 |   171 ||  1747
       Rpst.: Falchion   |     9 |    16 |    50 |       |       |       ||    75
       Scimitar          |       |       |     1 |   112 |   229 |    29 ||   371
